Map: Rovine di Seras

Players

Jonny

  • Race: Protoss Protoss
  • League: Diamond

Mørtebianca

  • Race: Protoss Protoss
  • League: Diamond

Bärle

  • Race: Zerg Zerg
  • League: Diamond

Jhyrachy

  • Race: Zerg Zerg
  • League: Bronze

VOD

Have the link to the VOD?

Description

Time

  • Played on: Dec. 2, 2015, 6:26 p.m.
  • Length: 23:58
Show
View Real Time Build Order
Export as new Build Order

Jonny Protoss 

Build Orders: Nexus First 

Get SALT Encoding   

  12  0:01  Probe (Chrono Boost)  
  13  0:12  Probe (Chrono Boost)  
  14  0:21  Pylon  
  14  0:23  Probe (Chrono Boost)  
  15  0:39  Probe (Chrono Boost)  
  17  0:50  Probe (Chrono Boost)  
  17  1:00  Probe (Chrono Boost)  
  18  1:05  Nexus  
  18  1:11  Probe (Chrono Boost)  
  19  1:20  Gateway  
  19  1:24  Probe (Chrono Boost)  
  20  1:29  Assimilator  
  20  1:33  Assimilator  
  20  1:37  Probe (Chrono Boost)  
  21  1:48  Probe (Chrono Boost)  
  21  1:51  Pylon  
  22  1:59  Probe (Chrono Boost)  
  23  2:09  Cybernetics Core  
  23  2:10  Probe (Chrono Boost)  
  23  2:14  Zealot  
  26  2:20  Probe x2 (Chrono Boost)  
  28  2:30  Probe (Chrono Boost)  
  28  2:31  Probe (Chrono Boost)  
  28  2:36  Pylon  
  30  2:41  Probe x2 (Chrono Boost)  
  32  2:47  Warp Gate  
  32  2:52  Probe (Chrono Boost)  
  32  2:55  Sentry  
  32  2:56  Gateway  
  35  3:02  Gateway  
  35  3:07  Pylon  
  35  3:09  Probe (Chrono Boost)  
  36  3:17  Probe (Chrono Boost)  
  39  3:20  Mothership Core (Chrono Boost)  
  39  3:27  Probe (Chrono Boost)  
  39  3:32  Robotics Facility  
  40  3:38  Probe x2 (Chrono Boost)  
  44  3:41  Sentry  
  45  3:48  Probe (Chrono Boost)  
  45  3:49  Probe (Chrono Boost)  
  45  3:55  Sentry, Pylon  
  48  3:58  Sentry  
  48  3:59  Probe (Chrono Boost)  
  48  4:00  Probe (Chrono Boost)  
  52  4:03  Pylon  
  52  4:09  Probe (Chrono Boost)  
  53  4:10  Assimilator  
  53  4:11  Probe (Chrono Boost)  
  53  4:12  Assimilator  
  54  4:17  Gateway  
  54  4:20  Probe (Chrono Boost), Warp Prism  
  53  4:42  Probe (Chrono Boost)  
  54  5:01  Zealot x3  
  60  5:07  Probe (Chrono Boost)  
  60  5:08  Probe (Chrono Boost)  
  60  5:13  Sentry  
  64  5:16  Immortal  
  64  5:18  Probe x2 (Chrono Boost)  
  64  5:21  Nexus  
  70  5:24  Pylon  
  70  5:32  Zealot x3  
  74  5:53  Probe x2 (Chrono Boost)  
  76  5:59  Immortal  
  76  6:02  Robotics Bay  
  80  6:07  Forge  
  80  6:08  Forge  
  80  6:22  Zealot  
  82  6:30  Zealot x2  
  82  6:31  Zealot  
  86  6:34  Probe x2 (Chrono Boost)  
  86  6:35  Protoss Ground Weapons Level 1, Protoss Ground Armor Level 1, Probe (Chrono Boost)  
  86  6:38  Immortal  
  91  6:43  Photon Cannon  
  91  6:45  Probe (Chrono Boost)  
  90  6:48  Probe x2 (Chrono Boost)  
  90  6:55  Probe (Chrono Boost)  
  84  7:06  Pylon  
  84  7:09  Sentry x2, Pylon  
  88  7:17  Warp Prism, Extended Thermal Lance  
  88  7:19  Probe (Chrono Boost)  
  88  7:20  Probe (Chrono Boost)  
  88  7:21  Probe (Chrono Boost)  
  93  7:25  Assimilator  
  93  7:26  Assimilator  
  93  7:29  Photon Cannon  
  93  7:30  Probe (Chrono Boost)  
  93  7:32  Probe (Chrono Boost)  
  93  7:33  Probe (Chrono Boost)  
  96  7:40  Probe (Chrono Boost)  
  99  7:44  Probe (Chrono Boost)  
  99  7:45  Probe (Chrono Boost), Pylon  
  99  7:46  Stalker x3  
  105  7:52  Probe (Chrono Boost)  
  105  7:56  Probe (Chrono Boost), Immortal  
  105  7:57  Probe (Chrono Boost)  
  112  8:06  Twilight Council  
  112  8:08  Gateway  
  112  8:09  Gateway  
  112  8:10  Gateway  
  112  8:12  Probe (Chrono Boost)  
  114  8:13  Pylon  
  114  8:14  Sentry x3, Probe (Chrono Boost)  
  120  8:35  Colossus  
  126  8:41  Protoss Ground Weapons Level 2, Protoss Ground Armor Level 2  
  126  8:44  Photon Cannon  
  126  8:48  Gateway  
  126  8:49  Gateway  
  126  8:52  Photon Cannon  
  126  8:53  Gateway  
  126  8:54  Photon Cannon  
  126  8:55  Gateway, Pylon  
  126  9:07  Photon Cannon  
  126  9:08  Photon Cannon  
  126  9:12  Stalker x3  
  122  9:35  Observer  
  121  9:45  Blink  
  121  9:57  Stargate  
  121  9:58  Nexus  
  121  9:59  Stargate  
  121  10:01  Stargate  
  121  10:02  Colossus  
  127  10:21  Pylon  
  127  10:27  Protoss Air Weapons Level 1  
  127  10:28  Stalker  
  127  10:29  Stalker x2  
  127  10:34  Pylon  
  133  10:37  Pylon  
  133  10:38  Nexus, Pylon  
  133  10:39  Pylon x2  
  133  10:40  Pylon  
  133  10:52  Fleet Beacon  
  133  10:57  Protoss Ground Weapons Level 3  
  133  11:01  Photon Cannon  
  133  11:04  Photon Cannon  
  133  11:09  Protoss Ground Armor Level 3  
  133  11:10  Templar Archives  
  133  11:19  Zealot x3  
  140  11:27  Probe (Chrono Boost)  
  140  11:32  Colossus  
  129  11:40  Tempest  
  129  11:42  Photon Cannon  
  129  11:43  Photon Cannon  
  133  11:47  Tempest  
  133  11:49  Psionic Storm  
  137  12:02  Assimilator  
  137  12:04  Assimilator  
  137  12:08  Tempest  
  135  12:10  Zealot x2  
  135  12:12  Pylon  
  143  12:36  Observer  
  143  12:37  Observer Gravitic Boosters  
  144  12:42  Robotics Facility  
  144  12:49  Pylon  
  142  12:57  Assimilator  
  138  13:08  Tempest x2  
  138  13:09  Tempest  
  143  13:20  High Templar x4  
  143  13:27  Zealot x6  
  153  13:28  Zealot  
  165  13:34  Assimilator  
  165  13:35  Assimilator, Charge  
  165  13:41  Pylon  
  161  13:49  Gateway  
  161  13:50  Gateway  
  161  13:52  Gateway  
  161  13:54  Gateway  
  161  13:56  Dark Shrine  
  159  14:04  Protoss Air Weapons Level 2  
  146  14:25  Observer  
  139  14:41  Stalker  
  139  14:42  Stalker x5  
  139  14:43  Stalker  
  149  14:54  Nexus  
  149  15:04  Nexus  
  149  15:12  Phoenix  
  141  15:43  Phoenix  
  141  15:44  Phoenix x2  
  140  16:19  Probe (Chrono Boost)  
  140  16:22  Pylon  
  140  16:24  Pylon  
  130  16:44  High Templar  
  130  16:45  High Templar  
  130  16:47  High Templar x2  
  131  17:12  Archon  
Show
View Real Time Build Order
Export as new Build Order

Mørtebianca Protoss 

Build Orders:  

Get SALT Encoding   

  12  0:01  Drone  
  13  0:08  Drone  
  14  0:17  Overlord  
  14  0:36  Drone x3  
  14  0:42  Extractor  
  16  0:49  Spawning Pool  
  15  0:53  Drone  
  16  1:20  Hatchery  
  16  1:23  Drone  
  16  1:27  Drone  
  16  1:31  Drone  
  18  1:43  Metabolic Boost  
  18  2:06  Drone  
  18  2:07  Hatchery  
  18  2:09  Drone  
  18  2:13  Drone  
  20  2:18  Drone  
  21  2:28  Overlord  
  21  2:33  Extractor  
  21  2:38  Drone  
  21  2:39  Drone  
  21  2:42  Drone  
  24  2:47  Queen  
  26  2:55  Queen  
  26  2:57  Zergling x2  
  29  2:59  Zergling x2  
  30  3:07  Evolution Chamber  
  29  3:16  Drone x2  
  29  3:17  Evolution Chamber  
  30  3:21  Drone x2  
  30  3:22  Drone  
  33  3:28  Pneumatized Carapace  
  33  3:38  Drone  
  33  3:39  Extractor  
  33  3:40  Drone x2  
  35  3:41  Drone  
  36  3:48  Zerg Ground Armor Level 1  
  36  3:51  Drone  
  36  3:54  Zergling x2  
  38  3:57  Zergling x2  
  38  4:02  Drone x2  
  41  4:05  Drone  
  42  4:10  Overlord  
  42  4:13  Overlord  
  42  4:25  Overlord  
  42  4:26  Overlord  
  42  4:28  Zerg Missile Weapons Level 1  
  42  4:34  Zergling x6  
  44  4:43  Roach Warren  
  44  4:44  Drone x2  
  44  4:45  Extractor  
  44  4:46  Drone  
  44  4:56  Zergling x2  
  44  4:57  Zergling x8  
  44  4:58  Zergling x2  
  50  5:12  Lair  
  50  5:13  Drone x3  
  53  5:15  Drone  
  53  5:17  Drone  
  53  5:19  Drone  
  56  5:27  Zergling x6  
  59  5:30  Roach  
  59  5:34  Roach  
  62  5:58  Roach  
  62  6:01  Roach x4  
  62  6:03  Overlord x2  
  69  6:18  Drone x4  
  69  6:20  Spore Crawler, Extractor  
  63  6:43  Roach x7  
  63  6:44  Roach x4  
  85  6:52  Queen  
  85  6:54  Queen  
  83  7:07  Drone  
  83  7:08  Drone x3  
  87  7:09  Overlord x2  
  87  7:16  Zerg Missile Weapons Level 2  
  87  7:21  Hydralisk Den  
  86  7:28  Zerg Ground Armor Level 2  
  86  7:45  Drone x2  
  86  7:46  Drone x7  
  95  7:53  Burrow  
  95  8:06  Lurker Den  
  95  8:20  Extractor  
  95  8:21  Hydralisk  
  95  8:22  Hydralisk  
  95  8:26  Hatchery  
  95  8:28  Extractor  
  93  8:38  Hydralisk x3  
  93  8:39  Hydralisk x3  
  105  8:46  Overlord x3  
  105  8:53  Hydralisk x2  
  105  8:54  Hydralisk  
  102  9:13  Hydralisk x2  
  102  9:14  Hydralisk x3  
  110  9:18  Drone x3  
  98  9:42  Hatchery, Roach x3  
  96  9:56  Drone  
  96  9:57  Drone x2  
  81  10:15  Muscular Augments  
  81  10:20  Overseer  
  81  10:24  Drone x2, Infestation Pit  
  81  10:25  Drone, Spire  
  81  10:26  Drone x4  
  81  10:27  Drone  
  81  10:28  Drone x2  
  89  10:33  Drone  
  89  10:34  Queen x3  
  95  10:51  Hydralisk x5  
  103  10:59  Roach Warren  
  102  11:19  Hydralisk  
  102  11:20  Hydralisk x12  
  128  11:32  Queen  
  128  11:38  Hive  
  128  11:41  Glial Reconstitution  
  128  11:42  Drone  
  128  11:46  Drone x2  
  128  11:47  Drone  
  132  11:55  Overlord x3  
  132  12:06  Overlord  
  132  12:07  Overlord  
  132  12:12  Overlord  
  132  12:15  Zerg Flyer Weapons Level 1  
  132  12:22  Roach x7  
  152  12:23  Extractor, Roach x3  
  152  12:26  Roach x3  
  152  12:27  Roach  
  159  12:32  Lurker x3  
  160  13:02  Extractor  
  132  13:22  Mutalisk  
  132  13:23  Mutalisk x7  
  132  13:24  Mutalisk  
  132  13:26  Drone x3  
  153  13:31  Hatchery, Zergling x2  
  153  13:32  Zergling x20  
  163  13:49  Roach x12  
  159  14:04  Drone x2  
  159  14:05  Drone x3  
  141  14:13  Mutalisk x5, Zerg Ground Armor Level 3, Zerg Missile Weapons Level 3  
  143  14:18  Mutalisk  
  137  14:32  Mutalisk  
  137  14:33  Roach x6  
  151  14:55  Extractor  
  151  14:59  Mutalisk x2, Extractor  
  151  15:01  Zergling x20  
  163  15:10  Drone x3  
  163  15:25  Roach x6  
  163  15:27  Overlord x2  
  174  15:35  Queen  
  166  15:43  Overlord x3, Roach  
  166  15:44  Roach  
  166  15:45  Roach  
  121  16:07  Roach  
  121  16:08  Roach  
  104  16:22  Hatchery  
  104  16:23  Roach x2  
  85  16:53  Hydralisk x3  
  58  18:21  Spire  
  58  18:22  Zergling x6  
  38  18:41  Queen  
  38  19:05  Drone  
  38  19:35  Mutalisk x3  
  38  19:36  Drone x4  
  41  20:19  Hatchery  
  41  20:20  Mutalisk  
  41  20:21  Mutalisk x4  
  42  20:22  Mutalisk  
  40  20:56  Zergling x2  
  37  21:35  Queen  
  35  21:56  Mutalisk x4  
  35  21:57  Mutalisk  
  40  22:52  Drone  
  40  22:53  Drone  
Show
View Real Time Build Order
Export as new Build Order

Bärle Zerg 

Build Orders:  

Get SALT Encoding   

Show
View Real Time Build Order
Export as new Build Order

Jhyrachy Zerg 

Build Orders:  

Get SALT Encoding   

Tags
 
Add a new tag
Caveats
  • Supply blocks, unpowered buildings, or Contaminate may cause inaccurate times.
  • Supply counts are checked every 10 seconds.